 Dungeon Crawl Stone Soup version 0.24-a0-459-g225fefd530 (webtiles) character file.

Game seed: 9690846984026759861

3 vurker the Caller (level 1, -1/13 HPs)
             Began as a Gnoll Summoner on June 30, 2019.
             Slain by a leopard gecko (4 damage)
             ... on level 1 of the Dungeon.
             The game lasted 00:00:14 (130 turns).

vurker the Caller (Gnoll Summoner)                   Turns: 130, Time: 00:00:15

Health: -1/13      AC:  2    Str: 10    XL:     1   Next: 50%
Magic:  4/6        EV: 14    Int: 17    God:
Gold:   0          SH:  0    Dex: 15    Spells: 8/9 levels left

rFire    . . .     SeeInvis .   (no weapon)
rCold    . . .     Gourm    .   (no shield)
rNeg     . . .     Faith    .   a - +0 robe
rPois    .         Spirit   .   (no helmet)
rElec    .         Reflect  .   (no cloak)
rCorr    .         Harm     .   (no gloves)
MR       .....                  (no boots)
Stlth    +++.......             (no amulet)
HPRegen  0.04/turn              (no ring)
MPRegen  0.10/turn              (no ring)

@: no status effects
A: distributed training, fangs 1, strong nose
a: no special abilities


You were on level 1 of the Dungeon.
You were not hungry.

You visited 1 branch of the dungeon, and saw 1 of its levels.

Inventory:

Armour
 a - a +0 robe (worn)
Comestibles
 b - 5 chunks of flesh
 e - a ration {!d}


   Skills:
 + Level 0.0 Fighting
 + Level 0.0 Short Blades
 + Level 0.0 Long Blades
 + Level 0.0 Axes
 + Level 0.0 Maces & Flails
 + Level 0.0 Polearms
 + Level 0.0 Staves
 + Level 0.0 Slings
 + Level 0.0 Bows
 + Level 0.0 Crossbows
 + Level 0.0 Throwing
 + Level 0.0 Armour
 + Level 4.4 Dodging
 + Level 4.0 Stealth
 + Level 0.0 Shields
 + Level 0.0 Unarmed Combat
 + Level 4.8 Spellcasting
 + Level 0.0 Conjurations
 + Level 0.0 Hexes
 + Level 0.0 Charms
 + Level 7.0 Summonings
 + Level 0.0 Necromancy
 + Level 0.0 Translocations
 + Level 0.0 Transmutations
 + Level 0.0 Fire Magic
 + Level 0.0 Ice Magic
 + Level 0.0 Air Magic
 + Level 0.0 Earth Magic
 + Level 0.0 Poison Magic
 + Level 0.1 Invocations
 + Level 0.0 Evocations


You had 8 spell levels left.
You knew the following spells:

 Your Spells              Type           Power        Failure   Level  Hunger
a - Summon Small Mammal   Summ           ####         1%          1    None

Your spell library contained the following spells:

 Spells                   Type           Power        Failure   Level  Hunger
 Call Imp                 Summ           ####....     1%          2    #......
 Call Canine Familiar     Summ           ####....     2%          3    ###....
 Summon Guardian Golem    Hex/Summ       ###.....     10%         3    ###....
 Summon Ice Beast         Ice/Summ       ###.....     32%         4    ####...
 Summon Lightning Spire   Summ/Air       ###.....     32%         4    ####...


Dungeon Overview and Level Annotations

Branches:
Dungeon (1/15)

Altars:


Innate Abilities, Weirdness & Mutations

Your experience applies equally to all skills.
You have very sharp teeth.
Your uncanny sense of smell can sniff out nearby items.


Message History

Your quokka closely misses the hobgoblin.
The hobgoblin misses you.
Your quokka closely misses the hobgoblin.
You closely miss the hobgoblin.
Your quokka barely misses the hobgoblin.
The hobgoblin hits you.
You hit the hobgoblin but do no damage.
Your quokka bites the hobgoblin.
The hobgoblin dies!
No target in view!
Your quokka disappears in a puff of smoke!
Your quokka disappears in a puff of smoke!
You butcher the hobgoblin corpse.
b - 4 chunks of flesh You see here a hobgoblin skeleton. x2
You butcher the rat corpse.
b - 5 chunks of flesh (gained 1)
You see here a rat skeleton. x2
A giant cockroach comes into view.
A giant cockroach is nearby!
A leopard gecko comes into view.
The helpless giant cockroach fails to defend itself.
You hit the giant cockroach.
The giant cockroach bites you but does no damage.
You closely miss the giant cockroach. The giant cockroach barely misses you.
You hit the giant cockroach but do no damage.
The giant cockroach bites you.
You hit the giant cockroach but do no damage.
The giant cockroach misses you. The giant cockroach bites you.
You hit the giant cockroach but do no damage.
The giant cockroach misses you.
You hit the giant cockroach. You bite the giant cockroach.
The giant cockroach bites you.
You barely miss the giant cockroach.
The leopard gecko hisses angrily.
The giant cockroach bites you.
You hit the giant cockroach but do no damage.
The giant cockroach barely misses you.
You hit the giant cockroach but do no damage.
The giant cockroach bites you but does no damage.
The giant cockroach misses you.
You barely miss the giant cockroach. You bite the giant cockroach.
You kill the giant cockroach!
The leopard gecko closely misses you. The leopard gecko barely misses you.
You closely miss the leopard gecko. The leopard gecko bites you.
* * * LOW HITPOINT WARNING * * *
Your quokka closely misses the leopard gecko.
Your rat misses the leopard gecko. You miss the leopard gecko.
The leopard gecko bites you.
You die...

####.####
.......
##.....##
....... . .....
..####... #
......r.##.#...
#..l@....... .
#.#r.###.##.
..##.#..###.#
..........#.#
........#.#.#
.....#....#.#
######.#.##.#
.......#....#
.........#รท.#


You could see a leopard gecko, a friendly quokka and a friendly rat.

Vanquished Creatures
  A giant cockroach (D:1)
  A rat (D:1)
2 creatures vanquished.

Vanquished Creatures (collateral kills)
  A hobgoblin (D:1)
  A rat (D:1)
2 creatures vanquished.

Grand Total: 4 creatures vanquished

Notes
Turn   | Place    | Note
-------+----------+-------------------------------------------
     0 | D:1      | vurker the Gnoll Summoner began the quest for the Orb.
     0 | D:1      | Reached XP level 1. HP: 13/13 MP: 6/6
     2 | D:1      | Noticed a draconian
     4 | D:1      | Noticed an elf
     4 | D:1      | Noticed an ogre
     6 | D:1      | Noticed a ghoul
     6 | D:1      | Noticed a demigod
     8 | D:1      | Noticed a spriggan
    10 | D:1      | Noticed a tengu
    10 | D:1      | Noticed a demonspawn
    12 | D:1      | Noticed a halfling
    12 | D:1      | Noticed a centaur
    14 | D:1      | Noticed a minotaur
    16 | D:1      | Noticed a vampire
    16 | D:1      | Noticed a troll
    18 | D:1      | Noticed a gargoyle
    20 | D:1      | Noticed a vine stalker
    20 | D:1      | Noticed a human
    22 | D:1      | Noticed an octopode
    22 | D:1      | Noticed a felid
    24 | D:1      | Noticed a dwarf
    24 | D:1      | Noticed a naga
    26 | D:1      | Noticed a merfolk
    26 | D:1      | Noticed a formicid
   130 | D:1      | Slain by a leopard gecko

Levels and vault maps discovered:
D:1:      kb_arrival_jail, layout_loops_ring, minmay_misc_feat_tiny

Action                   || total
-------------------------++-------
Melee: Unarmed           ||    20
       Bite              ||     2
 Cast: Summon Small Mamm ||     4
 Stab: Sleeping          ||     1
Armor: Robe              ||     3
Dodge: Dodged            ||    10

Table legend:
 A = Non-vault XP
 B = Vault XP
 C = Vault XP percentage of total XP
 D = Non-vault monster count
 E = Vault monster count
 F = Vault count percentage of total count
                 A         B        C        D         E       F
            +---------+---------+-------+---------+---------+-------
      Total |       5 |       0 |   0.0 |       4 |       0 |   0.0
            +---------+---------+-------+---------+---------+-------
        D:1 |       5 |       0 |   0.0 |       4 |       0 |   0.0
            +---------+---------+-------+---------+---------+-------
